 Dungeon Crawl Stone Soup version 0.17-a0-1741-gd5e8965 (webtiles) character file.

987 Ladykiller69 the Chopper (level 8, -1/64 HPs)
             Began as a Formicid Fighter on Aug 24, 2015.
             Was an Initiate of Cheibriados.
             Slain by a troll (7 damage)
             ... on level 5 of the Dungeon on Aug 31, 2015.
             The game lasted 00:25:21 (4997 turns).

Ladykiller69 the Chopper (Formicid Fighter)         Turns: 4997, Time: 00:25:23

Health: -1/64      AC: 12    Str: 24    XL:     8   Next: 41%
Magic:  8/8        EV:  6    Int:  9    God:    Cheibriados [......]
Gold:   216        SH: 11    Dex: 11    Spells: 0 memorised, 7 levels left

rFire  . . .     SeeInvis +     a - +1 war axe
rCold  . . .     Clarity  .     y - +0 plate armour
rNeg   . . .     SustAt   .     c - +0 shield
rPois  .         Gourm    .     (helmet unavailable)
rElec  .         Spirit   .     (no cloak)
rCorr  .         Warding  .     (no gloves)
rMut   .         Stasis   +     p - +0 pair of boots
MR     .....                    (no amulet)
Stlth  ..........               (no ring)
                                (no ring)

@: slow, not resistant to hostile enchantments, extremely unstealthy
A: permanent stasis, dig shafts and tunnels, four strong arms, antennae 3
a: Dig, Shaft Self, Bend Time, Renounce Religion


You were on level 5 of the Dungeon.
You worshipped Cheibriados.
Cheibriados was noncommittal.
You were hungry.

You visited 2 branches of the dungeon, and saw 7 of its levels.
You also visited: Sewer.

You collected 216 gold pieces.

Inventory:

Hand weapons
 a - a +1 war axe (weapon)
Missiles
 x - 8 tomahawks (quivered)
Armour
 b - a +0 scale mail
 c - a +0 shield (worn)
 p - a +0 pair of boots (worn)
 y - a +0 plate armour (worn)
Jewellery
 n - a cursed amulet of guardian spirit {unknown}
 o - a +2 ring of dexterity {unknown}
 w - an uncursed amulet of faith {unknown}
Scrolls
 h - 2 scrolls of amnesia {unknown}
 i - a scroll of remove curse
 j - 2 scrolls of immolation
 k - 4 scrolls of identify
 s - a scroll of blinking {unknown}
 t - a scroll of enchant weapon
 u - 6 scrolls of recharging
 z - 2 scrolls of magic mapping {unknown}
 C - 2 scrolls of teleportation {unknown}
 D - 2 scrolls of fog {unknown}
 E - a scroll of acquirement {unknown}
 H - a scroll of noise {unknown}
Potions
 d - 2 potions of might
 f - 2 potions of brilliance {unknown}
 g - a potion of agility
 m - a potion of berserk rage {unknown}
 q - 4 potions of heal wounds {unknown}
 r - a potion of mutation {unknown}
 v - a potion of lignification {unknown}
 A - a potion of magic {unknown}
 B - 2 potions of curing {unknown}
 F - 2 potions of flight {unknown}
 G - a potion of haste {unknown}
 I - a potion of cancellation {unknown}
Comestibles
 e - 2 bread rations
 l - 6 meat rations


   Skills:
 + Level 5.9 Fighting
 * Level 6.6 Axes
 - Level 4.0 Armour
 + Level 6.4 Shields


You had 7 spell levels left.
You didn't know any spells.

Dungeon Overview and Level Annotations

Branches:
Dungeon (6/15)             Temple (1/1) D:4

Altars:
Ashenzari
Cheibriados
Dithmenos
Elyvilon
Fedhas
Gozag
Kikubaaqudgha
Makhleb
Nemelex Xobeh
Okawaru
Qazlal
Ru
Sif Muna
Trog
Vehumet
Xom
Yredelemnul
Zin
The Shining One

Shops:
D:4 %

Annotations:
D:5 Edmund, Pikel


Innate Abilities, Weirdness & Mutations

You are under a permanent stasis effect.
You can dig through walls and to a lower floor.
Your four strong arms can wield two-handed weapons with a shield.
You have a pair of large antennae on your head (SInv).


Message History

The troll is moderately wounded.
The troll bites you! You block the troll's attack.
The troll claws you but does no damage.
You barely miss the troll.
The troll is moderately wounded.
The troll barely misses you. The troll claws you.
The troll claws you but does no damage.
You closely miss the troll.
The troll is moderately wounded.
The troll bites you! The troll claws you but does no damage.
The troll claws you.
* * * LOW HITPOINT WARNING * * *
You slice the troll!!
The troll is severely wounded.
The troll bites you.
* * * LOW HITPOINT WARNING * * *
The troll claws you!
* * * LOW HITPOINT WARNING * * *
The troll claws you!
You die...

{ ### ..#
#######.#
#<....#T#
#.....#@#
#.#####.#
#.......#
#########


You could see a troll.

Vanquished Creatures
  Menkaure (D:6)
  A hungry ghost (D:4)
  An ice beast (D:4)
  An ogre (D:6)
  2 giant frogs (D:6)
  A crimson imp (D:4)
  2 orc priests (D:3)
  Natasha (twice) (D:4)
  2 iguanas (D:6)
  A worker ant (D:6)
  2 hound skeletons
  A shadow imp (D:6)
  9 adders
  An adder skeleton (D:6)
  2 worms (D:3)
  3 giant geckos
  11 orcs
  11 bats
  12 giant cockroaches
  6 hobgoblins
  8 jackals
  A quokka (D:4)
  5 ball pythons
  7 giant newts
  2 goblins (D:2)
  A jackal skeleton (D:4)
  13 kobolds
  A quokka zombie (D:6)
  13 rats
  A spectral orc (D:2)
  5 plants (Sewer)
129 creatures vanquished.

Notes
Turn   | Place    | Note
--------------------------------------------------------------
     0 | D:1      | Ladykiller69 the Formicid Fighter began the quest for the Orb.
     0 | D:1      | Reached XP level 1. HP: 18/18 MP: 1/1
   130 | D:1      | Reached XP level 2. HP: 18/24 MP: 2/2
   561 | D:1      | Reached skill level 4 in Shields
   561 | D:1      | Reached XP level 3. HP: 29/29 MP: 3/3
  1496 | D:2      | Reached XP level 4. HP: 36/36 MP: 4/4
  1750 | D:2      | Found a basalt altar of Yredelemnul.
  2070 | D:3      | Reached XP level 5. HP: 39/42 MP: 5/5
  2558 | D:4      | Noticed Natasha
  2715 | D:4      | Killed Natasha
  2715 | D:4      | Reached XP level 6. HP: 34/48 MP: 6/6
  2787 | D:4      | Noticed Natasha
  2796 | D:4      | Killed Natasha
  2908 | D:4      | Found a glowing drain.
  2913 | D:4      | Reached skill level 5 in Shields
  2946 | Sewer    | Entered a sewer
  3517 | D:4      | Found Beytuhoi's Food Emporium.
  3517 | D:4      | Noticed a hungry ghost
  3532 | D:4      | You fall through a shaft for 2 floors!
  3593 | D:6      | Reached XP level 7. HP: 52/55 MP: 7/7
  3643 | D:6      | Reached skill level 5 in Fighting
  3643 | D:6      | Reached skill level 5 in Axes
  3918 | D:6      | Noticed Menkaure
  3925 | D:6      | Killed Menkaure
  4204 | D:6      | Found an iron altar of Okawaru.
  4359 | D:6      | Upgraded the game from 0.17-a0-1718-g72dbe4d to 0.17-a0-1741-gd5e8965
  4503 | D:6      | Reached XP level 8. HP: 56/63 MP: 8/8
  4528 | D:5      | Entered Level 5 of the Dungeon
  4536 | D:5      | Noticed Pikel
  4580 | D:5      | Reached skill level 6 in Axes
  4622 | D:5      | Noticed Edmund
  4728 | D:4      | Found a staircase to the Ecumenical Temple.
  4737 | Temple   | Entered the Ecumenical Temple
  4782 | Temple   | Became a worshipper of Cheibriados the Contemplative
  4846 | D:4      | Killed a hungry ghost
  4984 | D:5      | Noticed a troll
  4997 | D:5      | Slain by a troll

Vault maps used:
D:1:      dpeg_arrival_round_b
D:2:      yredelemnul_forgotten_temple_becter
D:4:      lemuel_temple_firewalk_marked, portal_sewer_entry_f, serial_glass,
          glass_columns_a, glass_columns_a, glass_columns_a, glass_columns_a,
          glass_columns_c, glass_columns_a, glass_columns_c, glass_columns_a,
          glass_columns_a, glass_columns_a, glass_columns_b, glass_columns_c,
          glass_columns_a, glass_columns_a, serial_shops,
          nicolae_shop_scaring_up_business, feat_on_display, uniq_natasha
D:5:      first_bread, uniq_edmund, uniq_pikel, uniq_duvessa
D:6:      basic_altar, uniq_menkaure, uniq_crazy_yiuf_cottage
Temple:   grunt_wide_crystal_templ_18
Sewer:    sewer_co_scattered_pipes

Action                   |  1- 3 |  4- 6 |  7- 9 || total
-------------------------+-------+-------+-------++-------
Melee: War axe           |   147 |   323 |    97 ||   567
 Abil: Dig               |     4 |     8 |     1 ||    13
       Shaft Self        |       |     1 |       ||     1
  Use: Scroll            |       |     7 |       ||     7
       Potion            |       |       |     1 ||     1
  Eat: Chunk             |     3 |     7 |       ||    10
       Pizza             |       |     2 |       ||     2
       Bread ration      |       |     1 |     1 ||     2
       Fruit             |       |       |     2 ||     2
